 Dungeon Crawl Stone Soup version 0.25-a0-930-g9f5dfa9815 (webtiles) character file.

Game seed: 7222499334531692958, levelgen mode: deterministic

37263 gruber the Earth Mage (level 13, -3/74 HPs)
             Began as a Gargoyle Earth Elementalist on May 3, 2020.
             Was a High Priest of Vehumet.
             Slain by an ettin
             ... wielding a +1 dire flail of protection
              (27 damage)
             ... on level 15 of the Dungeon.
             The game lasted 00:44:00 (19725 turns).

gruber the Earth Mage (GrEE)                       Turns: 19725, Time: 00:44:01

Health: -3/74      AC: 27    Str: 11    XL:     13   Next: 95%
Magic:  3/30       EV: 11    Int: 22    God:    Vehumet [*****.]
Gold:   495        SH:  0    Dex: 10    Spells: 18/38 levels left

rFire    . . .     SeeInvis +   T - +3 demon whip of Forgiveness {venom, rPois} (curse)
rCold    + . .     Gourm    .   (no shield)
rNeg     + . .     Faith    .   Q - +1 leather armour of Terror {rC+ SInv}
rPois    ∞         Spirit   .   H - +2 helmet
rElec    +         Reflect  .   g - +1 cloak
rCorr    +         Harm     .   C - +0 pair of gloves
MR       .....                  U - +0 pair of boots
Stlth    ++........             (no amulet)
HPRegen  0.22/turn              l - +5 ring of protection
MPRegen  0.22/turn              M - ring of resist corrosion

@: no status effects
A: negative energy resistance 1, electricity resistance, unbreathing,
petrification resistance, rot immunity, AC +9
a: Renounce Religion


You were on level 15 of the Dungeon.
You worshipped Vehumet.
Vehumet was extremely pleased with you.
You were not hungry.

You visited 2 branches of the dungeon, and saw 16 of its levels.
You also visited: Sewer.

You collected 948 gold pieces.
You spent 453 gold pieces at shops.

Inventory:

Hand Weapons
 D - a +2 vorpal mace
 E - a +2 hand axe of flaming
 I - a +2 flail of freezing
 T - the cursed +3 demon whip of Forgiveness (weapon) {venom, rPois}
   (You took it off a tengu conjurer on level 13 of the Dungeon)

   It poisons the flesh of those it strikes.
   It protects you from poison.
   It has a curse placed upon it.
Missiles
 b - 214 stones (quivered)
 o - 10 javelins
 G - 8 curare-tipped darts
Armour
 g - a +1 cloak (worn)
 C - a +0 pair of gloves (worn)
 H - a +2 helmet (worn)
 L - a +1 troll leather armour
 P - a +2 robe of cold resistance
 Q - the +1 leather armour of Terror (worn) {rC+ SInv}
   (You found it on level 11 of the Dungeon)

   It protects you from cold.
   It lets you see invisible.
 U - a +0 pair of boots (worn)
Jewellery
 f - an uncursed ring of ice
 l - a +5 ring of protection (left hand)
 p - a cursed ring of teleportation {unknown}
 M - a ring of resist corrosion (right hand)
 S - the ring "Wamneon" {+Inv rC- rN+ MR+ Str+2}
   (You bought it in a shop on level 12 of the Dungeon)

   [ring of protection from magic]

   It affects your strength (+2).
   It makes you vulnerable to cold.
   It protects you from negative energy.
   It affects your resistance to hostile enchantments.
   It lets you turn invisible.
Wands
 s - a wand of acid (25)
 u - a wand of iceblast (17)
 J - a wand of disintegration (16)
 K - a wand of flame (52)
Scrolls
 a - 7 scrolls of remove curse
 h - 2 scrolls of teleportation
 k - 3 scrolls of amnesia
 m - 6 scrolls of enchant armour
 r - 7 scrolls of identify
 w - a scroll of silence {unknown}
 y - 2 scrolls of magic mapping {unknown}
 z - a scroll of brand weapon {unknown}
 F - 2 scrolls of enchant weapon {unknown}
 N - 3 scrolls of fog {unknown}
 V - a scroll of vulnerability {unknown}
 W - a scroll of acquirement {unknown}
 Y - a scroll of random uselessness {unknown}
 Z - a scroll of blinking {unknown}
Potions
 c - 2 potions of cancellation {unknown}
 e - 12 potions of curing
 i - 4 potions of brilliance {unknown}
 j - 4 potions of might
 n - 2 potions of invisibility {unknown}
 q - 3 potions of mutation {unknown}
 t - 5 potions of berserk rage {unknown}
 v - 6 potions of heal wounds
 x - 8 potions of flight {unknown}
 A - 4 potions of lignification {unknown}
 B - 2 potions of haste
 O - a potion of ambrosia {unknown}
 R - 2 potions of stabbing {unknown}
Comestibles
 d - 23 rations


   Skills:
 - Level 6.0 Fighting
 - Level 5.0 Armour
 - Level 1.5 Dodging
 - Level 2.1 Stealth
 * Level 13.4 Spellcasting
 - Level 1.3 Transmutations
 - Level 1.9 Ice Magic
 - Level 18.1 Earth Magic
 - Level 4.1 Poison Magic


You had 18 spell levels left.
You knew the following spells:

 Your Spells              Type           Power        Failure   Level  Hunger
a - Sandblast             Erth           ######       0%          1    None
b - Stone Arrow           Conj/Erth      ######       1%          3    None
c - Petrify               Tmut/Erth      ######..     1%          4    None
d - Lee's Rapid Deconstr  Erth           #######...   1%          5    ###....
e - Olgreb's Toxic Radia  Pois           ####....     2%          4    None
f - Frozen Ramparts       Ice            ###...       1%          3    None

Your spell library contained the following spells:

 Spells                   Type           Power        Failure   Level  Hunger
 Lightning Bolt           Conj/Air       ##........   36%         5    ###....
 Foxfire                  Conj/Fire      ##..         1%          1    None
 Magic Dart               Conj           ##..         1%          1    None
 Passwall                 Tmut/Erth      ######..     1%          2    None
 Searing Ray              Conj           ##....       2%          2    None
 Conjure Flame            Conj/Fire      ##......     4%          3    None
 Dazzling Flash           Conj/Hex       ##....       4%          3    None
 Inner Flame              Hex/Fire       ##......     4%          3    None
 Fulminant Prism          Conj/Hex       ##........   14%         4    None
 Iskenderun's Mystic Bla  Conj/Tloc      ##......     14%         4    None
 Sticky Flame             Conj/Fire      ##......     14%         4    None
 Fireball                 Conj/Fire      ##........   36%         5    ###....


Dungeon Overview and Level Annotations

Branches:
Dungeon (15/15)            Temple (1/1) D:6            Lair (0/6) D:10
    Orc (0/2) D:9          Vaults (0/5) D:14          Sewer (visited)
 Depths: D:15

Altars:
Ashenzari
Cheibriados
Dithmenos
Elyvilon
Fedhas
Ru
Trog
Vehumet
Wu Jian
Zin
The Shining One

Shops:
D:4 !   D:12 :!*:}

Portals:
Abyss: D:11

Annotations:
D:3 1 runed translucent door, kelthazard45's ghost, amateur OpBe
D:4 2 transporters
D:6 Dowan; Duvessa
D:11 2 transporters, Amnesiac's ghost, novice DEIE


Innate Abilities, Weirdness & Mutations

You are resistant to torment.
Your stone body is resilient. (AC +9)
You are immune to poison.
You resist negative energy. (rN+)
You are resistant to electric shocks. (rElec)
You can survive without breathing.
You are immune to petrification.
You are immune to rotting.


Message History

Confirm with . or Enter, or press ? or * to list all spells.
Aiming: Sandblast (safe; 0% risk of failure)
Press: ? - help, Shift-Dir - straight line, f/p - ettin
Aim: an ettin, wielding a +1 dire flail of protection and a +0 dire flail (almost dead, very poisoned)
The blast of sand hits the ettin but does no damage.
The ettin is almost dead.
b - 214 stones The ettin hits you but does no damage. x2
Unknown command.
Unknown command.
Casting: Sandblast (safe; 0% risk of failure)
Confirm with . or Enter, or press ? or * to list all spells.
Aiming: Stone Arrow (safe; 1% risk of failure)
Press: ? - help, Shift-Dir - straight line, f/p - ettin
Aim: an ettin, wielding a +1 dire flail of protection and a +0 dire flail (almost dead, poisoned)
The stone arrow hits the ettin.
The ettin is almost dead.
The ettin hits you with a +1 dire flail of protection!!
The ettin hits you with a +0 dire flail!!
You die...

...#.# ## # ..#.. .#
.........# #.#.# .# ..
......# #... .# .# #.....+
#### #... .#..# #..[..#
.(...#⌠..#.5..# #.....# #
.....####5###.# #.....# #
.........#C...##+##.....####
...........@................
.........#..........[.......
......[.....................
########..............#####.
#..............#...#.
#..............#...#.
#.########.....#...#. #.#
#.....#...#. #######
#.########.....#...#.


You could see an ettin and a crimson imp.

Vanquished Creatures
  Kirke (D:13)
  Fannar (D:10)
  A rakshasa (D:9)
  2 vault guards (D:14)
  2 centaur warriors
  2 two-headed ogres
  A tengu warrior (D:13)
  Urug (D:11)
  A deep elf knight (D:15)
  A deep troll (D:15)
  2 unseen horrors
  2 wizards (D:14)
  2 necromancers (D:14)
  An orc knight (D:15)
  3 ugly things
  A manticore (D:15)
  5 cyclopes
  2 deep elf magi
  3 centaur zombies
  Psyche (D:11)
  A gargoyle (D:12)
  2 centaur skeletons
  3 efreet
  3 kobold demonologists
  2 yaktaurs
  2 polar bears (D:11)
  3 tengu conjurers
  2 trolls
  4 hippogriffs
  A meliai zombie (D:13)
  A vampire (D:15)
  7 yaks
  3 hogs (D:13)
  2 basilisks
  18 humans (D:14)
  5 hungry ghosts
  4 vampire mosquitoes (D:14)
  A water moccasin (D:14)
  An acid dragon (D:13)
  3 ice beasts
  9 orc warriors
  6 phantoms
  5 black bears
  2 eyes of draining
  7 necrophages
  6 ogres
  7 centaurs
  2 crocodiles
  5 big kobolds
  14 bullfrogs
  A water moccasin zombie (D:9)
  3 scorpions
  18 killer bees
  17 wights
  9 crimson imps
  A bullfrog zombie (D:13)
  2 howler monkeys (D:11)
  A jelly (D:10)
  4 hounds
  4 bullfrog skeletons
  13 orc wizards
  3 iguanas
  7 worker ants
  2 hound skeletons
  3 worker ant zombies
  A howler monkey zombie (D:9)
  3 gnolls (D:5)
  16 adders
  3 shadow imps
  4 oozes (Sewer)
  2 adder zombies (D:9)
  An adder skeleton (D:6)
  5 worms
  A dart slug (D:3)
  8 leopard geckos
  45 orcs
  8 bats
  4 giant cockroaches
  9 goblins
  7 hobgoblins
  2 jackals (D:3)
  24 kobolds
  5 quokkas
  2 ball pythons
  5 frilled lizards
  A jackal skeleton (D:7)
  2 leopard gecko skeletons
  12 rats
424 creatures vanquished.

Vanquished Creatures (others)
  A human (D:13)
  5 bushes
  7 plants (D:9)
13 creatures vanquished.

Grand Total: 437 creatures vanquished

Notes
Turn   | Place    | Note
-------+----------+-------------------------------------------
     0 | D:1      | gruber the Gargoyle Earth Elementalist began the quest for
                  | the Orb.
     0 | D:1      | Reached XP level 1. HP: 10/10 MP: 3/3
   122 | D:1      | Found a shattered altar of Ashenzari.
   179 | D:1      | Reached skill level 4 in Earth Magic
   283 | D:1      | Reached XP level 2. HP: 14/15 MP: 5/5
  1339 | D:2      | Reached skill level 5 in Earth Magic
  1339 | D:2      | Reached XP level 3. HP: 19/19 MP: 3/6
  1476 | D:2      | Found a faded altar of an unknown god.
  1878 | D:2      | Reached XP level 4. HP: 24/24 MP: 4/7
  1944 | D:2      | Reached skill level 6 in Earth Magic
  2019 | D:2      | Learned a level 3 spell: Stone Arrow
  2673 | D:3      | Found a runed translucent door.
  2675 | D:3      | Noticed kelthazard45's ghost (amateur OpBe)
  2677 | D:3      | Noticed a bullfrog
  2682 | D:3      | You fall into a shaft and drop 2 floors!
  2682 | D:5      | Entered Level 5 of the Dungeon
  2718 | D:4      | Reached XP level 5. HP: 28/28 MP: 4/8
  2748 | D:5      | Reached skill level 7 in Earth Magic
  2834 | D:4      | Found a glowing drain.
  2843 | Sewer    | Entered a sewer
  2901 | Sewer    | Noticed a big kobold
  2906 | Sewer    | Killed a big kobold
  2906 | Sewer    | Reached XP level 6. HP: 32/32 MP: 3/9
  3145 | Sewer    | Reached skill level 8 in Earth Magic
  3583 | D:4      | Found Feinup's Distillery.
  3591 | D:4      | Bought a potion of curing for 39 gold pieces
  3591 | D:4      | Bought a potion of might for 52 gold pieces
  3899 | D:4      | Found a sacrificial altar of Ru.
  3901 | D:4      | Found a transporter.
  3902 | D:4      | Noticed a hippogriff
  3905 | D:4      | Found a glowing golden altar of the Shining One.
  3909 | D:4      | Noticed a troll
  4056 | D:4      | Reached XP level 7. HP: 35/36 MP: 12/12
  4110 | D:4      | Found a transporter.
  4907 | D:5      | Reached skill level 5 in Spellcasting
  5011 | D:5      | Found a glowing golden altar of the Shining One.
  5559 | D:5      | Reached XP level 8. HP: 41/41 MP: 10/17
  5565 | D:5      | Learned a level 4 spell: Petrify
  5571 | D:5      | Learned a level 5 spell: Lee's Rapid Deconstruction
  5891 | D:6      | Found an ornate altar of the Wu Jian Council.
  5901 | D:6      | Reached skill level 9 in Earth Magic
  6045 | D:6      | Found a white marble altar of Elyvilon.
  6074 | D:6      | Found a staircase to the Ecumenical Temple.
  6276 | Temple   | Entered the Ecumenical Temple
  6284 | Temple   | Became a worshipper of Vehumet
  6346 | D:6      | Reached skill level 10 in Earth Magic
  6367 | D:6      | Noticed Dowan
  6367 | D:6      | Noticed Duvessa
  6738 | D:7      | Reached skill level 11 in Earth Magic
  6758 | D:7      | Found a shadowy altar of Dithmenos.
  6769 | D:7      | Reached XP level 9. HP: 40/45 MP: 18/18
  7190 | D:7      | Reached * piety under Vehumet
  7190 | D:7      | Offered knowledge of Magic Dart by Vehumet.
  7343 | D:7      | Reached skill level 12 in Earth Magic
  7477 | D:7      | Found a snail-covered altar of Cheibriados.
  8144 | D:8      | Noticed a two-headed ogre
  8300 | D:7      | Reached skill level 13 in Earth Magic
  8811 | D:8      | Offered knowledge of Freeze by Vehumet.
  8812 | D:8      | Reached ** piety under Vehumet
  8814 | D:8      | Reached skill level 14 in Earth Magic
  8961 | D:8      | Reached XP level 10. HP: 50/50 MP: 6/19
  9704 | D:9      | Noticed a rakshasa
  9704 | D:9      | Noticed a cyclops
 10052 | D:9      | Killed a rakshasa
 10052 | D:9      | Reached skill level 1 in Transmutations
 10052 | D:9      | Reached skill level 15 in Earth Magic
 10055 | D:9      | Killed a cyclops
 10230 | D:9      | Found a staircase to the Orcish Mines.
 10360 | D:9      | Found a blossoming altar of Fedhas.
 10626 | D:9      | Reached skill level 16 in Earth Magic
 10802 | D:10     | Entered Level 10 of the Dungeon
 10813 | D:10     | Offered knowledge of Static Discharge by Vehumet.
 10962 | D:10     | Noticed Fannar
 11181 | D:10     | Killed Fannar
 11181 | D:10     | Reached XP level 11. HP: 25/54 MP: 16/20
 11366 | D:10     | Reached skill level 17 in Earth Magic
 11607 | D:10     | Found a staircase to the Lair.
 11772 | D:11     | Noticed Urug
 11772 | D:11     | Noticed a two-headed ogre
 11917 | D:11     | Noticed a cyan ugly thing
 11924 | D:11     | Reached *** piety under Vehumet
 11932 | D:11     | Killed a cyan ugly thing
 12308 | D:11     | Killed a two-headed ogre
 12308 | D:11     | Reached skill level 18 in Earth Magic
 12424 | D:11     | Killed an unseen horror
 12431 | D:11     | Noticed Psyche
 12730 | D:11     | Offered knowledge of Olgreb's Toxic Radiance by Vehumet.
 12740 | D:11     | Learned a level 4 spell: Olgreb's Toxic Radiance
 13395 | D:11     | Reached skill level 1 in Poison Magic
 13555 | D:11     | Killed Psyche
 13728 | D:11     | Killed Urug
 13728 | D:11     | Reached XP level 12. HP: 41/59 MP: 10/24
 13934 | D:11     | Found a bloodstained altar of Trog.
 13971 | D:11     | Got a heavily runed leather armour
 13977 | D:11     | Identified the +1 leather armour of Terror {rC+ SInv} (You
                  | found it on level 11 of the Dungeon)
 13978 | D:11     | Noticed a thrashing horror
 13981 | D:11     | Noticed Amnesiac's ghost (novice DEIE)
 14010 | D:11     | Found a transporter.
 14020 | D:11     | Found a transporter.
 14028 | D:11     | Identified the cursed +0 long sword "Rasitz" {distort,
                  | rPois Int+3 Stlth-}
 14043 | D:11     | Found a one-way gate to the infinite horrors of the Abyss.
 14276 | D:12     | Reached **** piety under Vehumet
 14280 | D:12     | Reached skill level 1 in Armour
 14361 | D:12     | Offered knowledge of Frozen Ramparts by Vehumet.
 14369 | D:12     | Learned a level 3 spell: Frozen Ramparts
 14569 | D:12     | Found Burude Wemn's Book Shoppe.
 14696 | D:12     | Reached skill level 1 in Ice Magic
 15045 | D:12     | Reached skill level 5 in Armour
 15124 | D:12     | Found Lupneig's Assorted Antiques.
 15131 | D:12     | Bought a glittering lead ring for 110 gold pieces
 15131 | D:12     | Bought a scroll of identify for 44 gold pieces
 15131 | D:12     | Identified the ring "Wamneon" {+Inv rC- rN+ MR+ Str+2} (You
                  | bought it in a shop on level 12 of the Dungeon)
 15161 | D:12     | Reached skill level 1 in Fighting
 15255 | D:12     | Found Lefeeth's Gadget Shop.
 15267 | D:12     | Found Baatruur's Book Shoppe.
 15311 | D:12     | Found Laaci's Distillery.
 15319 | D:12     | Bought a potion of heal wounds for 65 gold pieces
 15319 | D:12     | Bought a potion of haste for 130 gold pieces
 15319 | D:12     | Bought a potion of degeneration for 13 gold pieces
 15479 | D:13     | Identified the cursed +3 demon whip of Forgiveness {venom,
                  | rPois}
 15798 | D:13     | Noticed a centaur warrior
 15812 | D:13     | Killed a centaur warrior
 15812 | D:13     | Reached skill level 5 in Fighting
 16122 | D:13     | Noticed Kirke
 16145 | D:13     | Noticed a sphinx
 16151 | D:13     | Killed Kirke
 16451 | D:13     | Noticed a tengu warrior
 16455 | D:13     | Killed a tengu warrior
 16455 | D:13     | Reached skill level 10 in Spellcasting
 16634 | D:13     | Reached XP level 13. HP: 72/74 MP: 19/27
 16634 | D:13     | Reached ***** piety under Vehumet
 16636 | D:13     | Offered knowledge of Lightning Bolt by Vehumet.
 17371 | D:14     | Found a bloodstained altar of Trog.
 18175 | D:14     | Found a gate to the Vaults.
 18175 | D:14     | Noticed a vault guard
 18175 | D:14     | Noticed a vault guard
 18211 | D:14     | Killed a vault guard
 18213 | D:14     | Killed a vault guard
 18553 | D:15     | Entered Level 15 of the Dungeon
 19710 | D:15     | Noticed an ettin
 19725 | D:15     | Slain by an ettin

Levels and vault maps discovered:
D:1:      evilmike_arrival_fibonacci_small, layout_basic,
          minmay_misc_feat_ornament, kennysheep_nondescript,
          evilmike_ruin_ashenzari
D:2:      layout_loops_ring, first_ration,
          chequers_ecumenical_altar_simple_redux, minmay_joined_circles
D:3:      layout_basic, ebering_ghost_inner_flame, minivault_24
D:4:      layout_basic, gammafunk_temple_overflow_arena,
          overflow_temple_1_default, serial_shops, nicolae_shop_trees,
          cheibrodos_sewer_entry_drain
D:5:      layout_basic, tso_altar
D:6:      layout_rooms, lemuel_crystal_altar, marbit_many_paths, led_sif_pool,
          lightli_temple_of_fire, lemuel_coloured_pillars_altar,
          minmay_temple_entry_arrows, uniq_blork_the_orc, uniq_duvessa
D:7:      layout_basic, cheibrodos_worm_habitat, nicolae_dithmenos_the_darkroom
D:8:      layout_basic
D:9:      layout_loops_cross, orc_0_dummy, grunt_pizzeria,
          corexii_leaking_fountain, fedhas_altar_decomposition
D:10:     layout_gridville, grunt_lair_entry_orc_guard_hut, uniq_fannar
D:11:     layout_rooms, gammafunk_ghost_abyssal_escape, trog_ov_bears_minmay,
          uniq_urug, uniq_psyche
D:12:     layout_roguey, serial_shops, kennysheep_mini_moat,
          nicolae_shop_overgrown_old_shop, shop, shop, nicolae_shop_stone
D:13:     layout_rooms, uniq_kirke
D:14:     layout_rooms, grunt_vaults_entry_tiered,
          portal_ice_cave_entry_pillars_1, basic_altar, grunt_decor_resistance
D:15:     hangedman_depths_entry_civil_slaughter, layout_irregular_city,
          minmay_increasing_density
Temple:   dpeg_chambers_temple

Skill      XL: |  1  2  3  4  5  6  7  8  9 10 11 12 13 |
---------------+----------------------------------------+-----
Earth Magic    | 4 5 6 7 8 11 14 16 18 | 18.1
Spellcasting   | 3 6 8 10 13 | 13.4
Transmutations | 1 |  1.3
Poison Magic   | 4 |  4.1
Armour         | 5 |  5.0
Ice Magic      | 1 |  1.9
Fighting       | 6 |  6.0
Dodging        | |  1.5
Stealth        | |  2.1

Action                   |  1- 3 |  4- 6 |  7- 9 | 10-12 | 13-15 || total
-------------------------+-------+-------+-------+-------+-------++-------
Melee: Dagger            |    86 |   185 |   431 |   232 |       ||   934
       Short sword       |     4 |       |       |       |       ||     4
       Mace              |       |       |    21 |       |       ||    21
       Demon whip        |       |       |       |     4 |   105 ||   109
Throw: Javelin           |       |       |     4 |       |       ||     4
       Dart              |       |       |     1 |       |       ||     1
       Stone             |       |       |     1 |       |       ||     1
 Cast: Sandblast         |    26 |    54 |    38 |    89 |     3 ||   210
       Stone Arrow       |       |       |    37 |   206 |    51 ||   294
       Lee's Rapid Decon |       |       |     4 |     8 |     6 ||    18
       Petrify           |       |       |     1 |     7 |     5 ||    13
       Olgreb's Toxic Ra |       |       |       |    15 |    31 ||    46
       Frozen Ramparts   |       |       |       |    15 |    18 ||    33
Evoke: Wand              |       |       |       |     2 |       ||     2
  Use: Scroll            |       |       |       |     7 |       ||     7
 Stab: Sleeping          |     5 |     7 |     6 |     1 |       ||    19
       Petrified         |       |       |       |    17 |     6 ||    23
  Eat: Chunk             |     3 |     8 |    15 |    29 |    11 ||    66
       Ration            |       |       |     1 |     1 |       ||     2
Armor: Robe              |    28 |   106 |   217 |   180 |       ||   531
       Troll leather arm |       |       |       |   126 |    12 ||   138
       Leather armour    |       |       |       |       |    75 ||    75
Dodge: Dodged            |    62 |   129 |   293 |   239 |    73 ||   796

Table legend:
 A = Non-vault XP
 B = Vault XP
 C = Vault XP percentage of total XP
 D = Non-vault monster count
 E = Vault monster count
 F = Vault count percentage of total count
                 A         B        C        D         E       F
            +---------+---------+-------+---------+---------+-------
      Total |   32428 |   20805 |  39.1 |     316 |     108 |  25.5
            +---------+---------+-------+---------+---------+-------
        D:1 |      21 |       0 |   0.0 |      11 |       0 |   0.0
        D:2 |      27 |      56 |  67.5 |      14 |      20 |  58.8
        D:3 |      96 |       0 |   0.0 |      21 |       0 |   0.0
        D:4 |     112 |       7 |   5.9 |      11 |       2 |  15.4
        D:5 |     790 |       0 |   0.0 |      26 |       0 |   0.0
        D:6 |     438 |       1 |   0.2 |      10 |       1 |   9.1
        D:7 |    1196 |       5 |   0.4 |      29 |       1 |   3.3
        D:8 |    1650 |       0 |   0.0 |      30 |       0 |   0.0
        D:9 |    2537 |     844 |  25.0 |      15 |      10 |  40.0
       D:10 |     827 |    1785 |  68.3 |      11 |       7 |  38.9
       D:11 |    6715 |    1895 |  22.0 |      44 |       4 |   8.3
       D:12 |    4843 |       0 |   0.0 |      35 |       0 |   0.0
       D:13 |    5732 |    2579 |  31.0 |      26 |       4 |  13.3
       D:14 |    3885 |    8357 |  68.3 |      19 |      25 |  56.8
       D:15 |    3559 |    4934 |  58.1 |      14 |      10 |  41.7
      Sewer |       0 |     342 | 100.0 |       0 |      24 | 100.0
            +---------+---------+-------+---------+---------+-------
